 Dungeon Crawl Stone Soup version 0.27-a0-1312-g5cdb2b3542 (webtiles) character file.

Game seed: 8857832351765607279

278078 flotson the Severer (level 19, -19/151 HPs)
             Began as a Demonspawn Delver on June 20, 2021.
             Was an Initiate of Gozag.
             Killed by the raging water
             ... invoked by a water nymph
              (42 damage)
             ... on level 4 of the Shoals.
             The game lasted 01:42:07 (58112 turns).

flotson the Severer (Demonspawn Delver)            Turns: 58112, Time: 01:42:08

Health: -19/151    AC: 45    Str: 24    XL:     19   Next: 62%
Magic:  19/19      EV: 17    Int: 13    God:    Gozag
Gold:   6177       SH: 19    Dex: 16    Spells: 18/18 levels left

rFire    + + .     SeeInvis .   a - +9 broad axe (elec)
rCold    + + .     Faith    .   r - +1 kite shield {AC+3}
rNeg     . . .     Spirit   .   w - +9 scales of the Dragon King {rPois rF+ rC+ Will+}
rPois    +         Reflect  +   U - +2 hat
rElec    .         Harm     +   y - +1 cloak of Starlight {*Dazzle EV+4 Stlth--}
rCorr    .         Rampage  .   h - +2 pair of gloves {archery}
Will     ++...                  F - +1 pair of boots
Stlth    ..........             V - amulet of Ramolitz {Reflect Harm rC+ SH+5}
HPRegen  0.35/turn              G - +4 ring of evasion
MPRegen  0.16/turn              e - +6 ring of strength

@: gold aura, studying 2 skills, very slow
A: claws 2, molten scales 3, foul stench 2, spiny 3
}: 2/15 runes: serpentine, barnacled
a: Renounce Religion, Potion Petition, Call Merchant, Bribe Branch


You were on level 4 of the Shoals.
You worshipped Gozag.
Gozag was greatly pleased with you.
You visited 7 branches of the dungeon, and saw 34 of its levels.
You also visited: Ice Cave.

You collected 14788 gold pieces.
You spent 7125 gold pieces at shops.
You paid 1486 gold pieces to Gozag.

Inventory:

Hand Weapons
 a - a +9 broad axe of electrocution (weapon)
 b - a +5 hand crossbow of flaming
 c - a +5 demon trident of freezing
 t - the +5 broad axe of Ru's Anger {drain, rF+ rC+ Int+3}
   (You bought it in a shop on level 10 of the Dungeon)

   A truly terrible weapon, it drains the life of those it strikes.
   It affects your intelligence (+3).
   It protects you from fire.
   It protects you from cold.
Missiles
 d - 3 curare-tipped darts (quivered)
 x - 42 javelins
 C - 9 silver javelins
 D - 31 boomerangs of dispersal
 M - 6 atropa-tipped darts
 W - 343 bolts
 Y - 6 throwing nets
Armour
 h - a +2 pair of gloves of archery (worn)
 r - a +1 kite shield of protection (worn)
 w - the +9 scales of the Dragon King (worn) {rPois rF+ rC+ Will+}
   (You bought it in a shop on level 2 of the Orcish Mines)

   It protects you from fire.
   It protects you from cold.
   It protects you from poison.
   It increases your willpower.
 y - the +1 cloak of Starlight (worn) {*Dazzle EV+4 Stlth--}
   (You bought it in a shop on level 2 of the Orcish Mines)

   It affects your evasion (+4).
   It makes you much less stealthy.
 F - a +1 pair of boots (worn)
 U - a +2 hat (worn)
Jewellery
 e - a +6 ring of strength (right hand)
 z - the amulet "Ruolauhu" {Acrobat rF+ Str+4 Dex+2 Stlth+}
   (You bought it in a shop on level 2 of the Orcish Mines)

   [amulet of the acrobat]

   It increases your evasion while moving and waiting.
   It affects your strength (+4).
   It affects your dexterity (+2).
   It protects you from fire.
   It makes you more stealthy.
 G - a +4 ring of evasion (left hand)
 V - the amulet of Ramolitz (around neck) {Reflect Harm rC+ SH+5}
   (You bought it in a shop on level 2 of the Orcish Mines)

   [amulet of reflection]

   It reflects blocked missile attacks.
   It protects you from cold.
   It affects your SH (+5).
   It increases damage dealt and taken.
 Z - a ring of see invisible
Wands
 g - a wand of digging (12)
 q - a wand of iceblast (46)
 A - a wand of mindburst (32)
 Q - a wand of acid (5)
 X - a wand of paralysis (18)
Scrolls
 m - 15 scrolls of teleportation
 n - 2 scrolls of silence
 o - 7 scrolls of immolation
 u - a scroll of torment
 v - 9 scrolls of blinking
 E - 2 scrolls of summoning
 J - 4 scrolls of magic mapping
 K - 4 scrolls of fog
 P - a scroll of vulnerability
 R - 2 scrolls of holy word
Potions
 f - 7 potions of haste
 i - 4 potions of heal wounds
 j - 4 potions of ambrosia
 k - 6 potions of flight
 l - 8 potions of lignification
 p - 5 potions of berserk rage
 s - 8 potions of curing
 L - a potion of might
 N - 5 potions of attraction
 S - a potion of resistance
 T - 2 potions of invisibility
Miscellaneous
 B - a piece from Xom's chessboard (15/15)
 H - a lightning rod (4/4)
 I - a phantom mirror
 O - a phial of floods


   Skills:
 + Level 13.7 Fighting
 * Level 17.3 Axes
 - Level 1.0(6.3) Slings
 - Level 10.0 Crossbows
 - Level 9.9(10.0) Throwing
 + Level 12.4 Armour
 + Level 13.8 Dodging
 - Level 5.0 Stealth
 + Level 11.1 Shields
 + Level 11.1 Evocations


You had 18 spell levels left.
You didn't know any spells.
Your spell library contained the following spells:

 Spells                   Type           Power      Damage    Failure   Level
 Animate Skeleton         Necr           0%         N/A       100%        1
 Apportation              Tloc           0%         N/A       100%        1
 Corona                   Hex            0%         N/A       100%        1
 Freeze                   Ice            0%         1d3       100%        1
 Sandblast                Erth           0%         2d4       100%        1
 Summon Small Mammal      Summ           0%         N/A       100%        1
 Corpse Rot               Necr/Air       N/A        N/A       100%        2
 Passwall                 Tmut/Erth      0%         N/A       100%        2
 Sublimation of Blood     Necr           0%         N/A       100%        2
 Confusing Touch          Hex            0%         N/A       100%        3
 Frozen Ramparts          Ice            0%         1d2       100%        3
 Gell's Gravitas          Tloc           0%         N/A       100%        3
 Ozocubu's Armour         Ice            0%         N/A       100%        3
 Stone Arrow              Conj/Erth      0%         3d7       100%        3
 Animate Dead             Necr           0%         N/A       100%        4
 Dispel Undead            Necr           0%         3d6       100%        4
 Hailstorm                Conj/Ice       0%         3d3       100%        4
 Ice Form                 Ice/Tmut       0%         N/A       100%        4
 Petrify                  Tmut/Erth      0%         N/A       100%        4
 Summon Ice Beast         Ice/Summ       0%         N/A       100%        4
 Agony                    Necr           0%         N/A       100%        5
 Blade Hands              Tmut           0%         N/A       100%        5
 Borgnjor's Vile Clutch   Necr/Erth      0%         N/A       100%        5
 Excruciating Wounds      Necr           0%         N/A       100%        5
 Freezing Cloud           Conj/Ice/Air   0%         6-21      100%        5
 Irradiate                Conj/Tmut      0%         3d13      100%        5
 Lee's Rapid Deconstruct  Erth           0%         3d5*      100%        5
 Metabolic Englaciation   Hex/Ice        0%         N/A       100%        5
 Summon Forest            Summ/Tloc      0%         N/A       100%        5
 Summon Mana Viper        Hex/Summ       0%         N/A       100%        5
 Yara's Violent Unravell  Hex/Tmut       0%         3d3       100%        5
 Death Channel            Necr           0%         N/A       100%        6
 Shadow Creatures         Summ           N/A        N/A       100%        6
 Simulacrum               Ice/Necr       0%         N/A       100%        6
 Statue Form              Tmut/Erth      0%         N/A       100%        6
 Dragon Form              Tmut           0%         N/A       100%        7
 Ozocubu's Refrigeration  Ice            0%         4d5       100%        7
 Storm Form               Tmut/Air       0%         N/A       100%        7
 Summon Hydra             Summ           0%         N/A       100%        7


Dungeon Overview and Level Annotations

Branches:
Dungeon (15/15)            Temple (1/1) D:4            Lair (6/6) D:11
 Shoals (4/4) Lair:3        Snake (4/4) Lair:2        Slime (0/5) Lair:5
    Orc (2/2) D:9             Elf (2/3) Orc:2        Vaults (0/5) D:14
 Depths (0/5) D:15          IceCv (visited)

Altars:
Ashenzari
Cheibriados
Dithmenos
Elyvilon
Fedhas
Gozag
Hepliaklqana
Kikubaaqudgha
Makhleb
Nemelex Xobeh
Okawaru
Qazlal
Ru
Sif Muna
Trog
Uskayaw
Vehumet
Wu Jian
Xom
Yredelemnul
Zin
The Shining One
Beogh
Jiyva

Shops:
D:9 (   D:10 (   Orc:2 ?*[*=!   Elf:1 ?   Shoals:3 [

Annotations:
Lair:4 Vufrucs's ghost, journeyman DrTm


Innate Abilities, Weirdness & Mutations

You have very sharp fingernails.
You are completely covered in molten scales. (AC +4, rF+)
You sometimes emit foul miasma when damaged in melee.
You are completely covered in sharp spines.


Message History

You kill the manticore!
The water nymph points at you and mumbles some strange words.
The water swirls and strikes you.
Unknown command.
You are too injured to fight recklessly!
Unknown command.
You are too injured to fight recklessly!
Unknown command.
You are too injured to fight recklessly!
Unknown command.
You block the water nymph's attack. x2
The water nymph gestures at you while chanting.
The water swirls and strikes you!!
* * * LOW HITPOINT WARNING * * *
You see here 15 gold pieces.
You hit the water nymph.
The water nymph is lightly wounded.
You closely miss the water nymph.
The water nymph gestures at you while chanting.
The water swirls and strikes you.
* * * LOW HITPOINT WARNING * * *
You slash the water nymph!
The water nymph is moderately wounded.
You hit the water nymph. The water nymph completely misses you.
The water nymph is struck by your spines.
The water nymph touches you. The water nymph drowns you!
* * * LOW HITPOINT WARNING * * *
You slash the water nymph!
Lightning courses through the water nymph!
You kill the water nymph!
You hit the water nymph.
Your unstable footing causes you to fumble your attack.
You block the water nymph's attack.
Your unstable footing causes you to fumble your attack.
You block the water nymph's attack.
Your unstable footing causes you to fumble your attack.
The water nymph gestures at you while chanting.
The water swirls and strikes you!!
You die...
Your body crumbles into a pile of gold.

≈≈≈#..≈...≈.#####.......P≈≈.≈≈≈≈≈
#≈≈##.≈...#######......P...PP.≈≈≈
≈≈###.≈.###≈# ≈.###.......P##..≈≈
#≈≈##.≈.##≈ ≈≈≈. #...P...####.≈≈
≈≈)##.≈..##≈ ≈#≈ #...P...# #...
#≈≈##.≈.## ≈≈ ≈≈###.....^.# ####
###.....≈##≈#≈#≈≈#≈........ #
###.....##≈≈≈≈≈m$##≈.....
........≈## #≈@#≈≈≈≈...
≈≈≈.......# ####≈≈≈≈≈≈≈.
≈≈........####.##≈≈≈≈≈≈≈.
≈..........≈≈≈≈≈≈≈≈≈≈≈≈≈.
............≈≈≈≈≈≈≈≈≈≈≈≈.
............≈≈≈≈≈≈≈≈≈≈≈≈≈
............≈≈≈≈≈≈≈≈≈≈≈≈≈
............≈≈≈≈≈≈≈≈≈≈≈≈≈
≈≈≈≈≈.........≈≈≈≈≈≈≈≈P≈≈


You could see a water nymph.

Vanquished Creatures
  Saint Roka (Orc:2)
  Polyphemus (Shoals:3)
  A kraken (Shoals:4)
  Kirke (Snake:3)
  Donald (Orc:2)
  5 nagarajas
  A frost giant (IceCv)
  A deep elf sorcerer (Elf:1)
  2 deep elf annihilators
  Azrael (Orc:2)
  A deep elf demonologist (Elf:2)
  A dire elephant (Lair:2)
  5 merfolk javelineers
  An ettin (Orc:1)
  7 merfolk impalers
  Josephine (Orc:1)
  A fire dragon (D:10)
  2 deep elf high priests
  A slime creature (D:12)
  A great orb of eyes (D:15)
  Harold (Lair:1)
  7 hydras
  21 naga warriors
  4 boulder beetles
  5 merfolk avatars
  A merfolk aquamancer (Shoals:4)
  A salamander tyrant (Snake:3)
  An alligator snapping turtle (Shoals:3)
  4 catoblepae
  Erica (Lair:1)
  17 death yaks
  7 centaur warriors
  2 satyrs
  7 anacondas
  3 tengu warriors
  8 two-headed ogres
  3 shock serpents
  16 naga sharpshooters
  4 orc high priests (Orc:2)
  7 deep elf knights
  Urug (D:10)
  4 skeletal warriors
  9 salamander mystics
  10 sea snakes
  8 naga ritualists
  A kraken simulacrum (Shoals:4)
  8 deep elf archers
  A wizard (D:15)
  32 harpies
  3 phantasmal warriors (Snake:3)
  4 orc sorcerers (Orc:2)
  4 orc knights (Orc:2)
  18 deep elf zephyrmancers
  A wolf spider (D:15)
  16 deep elf pyromancers
  11 mana vipers
  An oklob plant (Shoals:2)
  9 ugly things
  19 fauns
  17 manticores
  15 cyclopes
  17 salamanders
  23 elephants
  A centaur zombie (D:6)
  An ice statue (IceCv)
  17 naga magi
  6 water nymphs
  10 merfolk sirens
  4 guardian serpents
  2 gargoyles
  32 black mambas
  2 torpor snails (Lair:6)
  10 cane toads
  6 rime drakes
  The ghost of McSplat the Cudgeller, a novice HuWn of Ru (D:5)
  4 yaktaurs (D:15)
  An efreet (D:13)
  An unseen horror (D:10)
  4 kobold demonologists
  2 tengu conjurers (D:14)
  5 komodo dragons
  A spectral naga (Snake:3)
  A queen bee (Lair:3)
  A merfolk (shapeshifter) (D:15)
  19 merfolk
  A meliai (D:14)
  8 trolls
  A meliai (shapeshifter) (D:15)
  2 wind drakes
  13 polar bears (IceCv)
  9 blink frogs
  26 dream sheep
  8 snapping turtles
  4 air elementals (Elf:1)
  A shadow (D:12)
  3 water elementals
  A spriggan (Lair:2)
  6 wraiths
  8 basilisks
  72 yaks
  A hog (shapeshifter) (Elf:1)
  A golden eye (shapeshifter) (Elf:1)
  8 wyverns
  5 hogs (Snake:3)
  A fire bat (D:6)
  6 fire elementals
  8 vampire mosquitoes
  10 wargs
  36 nagas
  20 water moccasins
  5 hell hounds (Orc:2)
  2 necrophages
  42 orc warriors
  An ice beast (D:7)
  2 black bears
  17 ogres
  3 boggarts (D:14)
  22 centaurs
  17 wolves
  A phantom (D:6)
  5 kobold brigands
  12 bullfrogs
  6 gnoll sergeants
  An earth elemental (Elf:2)
  3 scorpions
  32 killer bees
  4 wights
  3 electric eels
  A howler monkey (D:13)
  4 hounds
  37 orc priests
  A centaur skeleton (D:3)
  2 gnoll shamans
  An iguana (D:7)
  2 jellies
  An iron imp (D:6)
  5 hell rats (Lair:1)
  22 orc wizards
  A hound skeleton (D:4)
  24 gnolls
  11 river rats (Lair:1)
  2 adders
  2 shadow imps
  13 white imps
  2 worms
  4 dart slugs
  85 orcs
  4 bats
  7 endoplasms
  3 giant cockroaches (D:2)
  11 goblins
  8 hobgoblins
  5 jackals
  14 quokkas
  5 ball pythons
  2 frilled lizards
  A goblin zombie (D:6)
  2 hobgoblin zombies (D:6)
  23 kobolds
  An orc skeleton (D:6)
  2 orc zombies (D:6)
  15 rats
  4 tentacles (Shoals:4)
1283 creatures vanquished.

Vanquished Creatures (others)
  A naga warrior (Snake:4)
  10 dancing weapons
  A deep elf knight (Elf:1)
  A salamander mystic (Snake:3)
  A naga mage (Snake:4)
  An orc (D:6)
  A bush (D:11)
  98 fungi
  145 plants
  6 tentacles (Shoals:4)
265 creatures vanquished.

Grand Total: 1548 creatures vanquished

Notes
Turn   | Place    | Note
-------+----------+-------------------------------------------
     0 | D:5      | flotson the Demonspawn Delver began the quest for the Orb.
     0 | D:5      | Reached XP level 1. HP: 18/18 MP: 1/1
     4 | D:5      | Noticed McSplat's ghost (novice HuWn)
    19 | D:5      | Noticed a centaur
   299 | D:4      | Noticed a jelly
   356 | D:4      | Gained mutation: You may rarely emit foul miasma when
                  | damaged in melee. [demonic ancestry]
   356 | D:4      | Reached XP level 2. HP: 19/24 MP: 2/2
   551 | D:3      | Reached skill level 2 in Axes
   551 | D:3      | Reached skill level 5 in Stealth
   551 | D:3      | Reached XP level 3. HP: 23/29 MP: 3/3
  1213 | D:1      | Gained mutation: You are partially covered in sharp spines.
                  | [demonic ancestry]
  1213 | D:1      | Reached XP level 4. HP: 35/35 MP: 4/4
  1516 | D:1      | Reached skill level 1 in Armour
  1562 | D:1      | Reached skill level 1 in Slings
  1889 | D:2      | Found a faded altar of an unknown god.
  2561 | D:3      | Reached skill level 1 in Evocations
  2561 | D:3      | Gained mutation: You are partially covered in molten
                  | scales. (AC +2) [demonic ancestry]
  2561 | D:3      | Reached XP level 5. HP: 31/42 MP: 5/5
  2954 | D:4      | Noticed a necrophage
  2968 | D:4      | Killed a necrophage
  2969 | D:4      | Reached XP level 6. HP: 45/48 MP: 6/6
  3027 | D:4      | Found a staircase to the Ecumenical Temple.
  3033 | Temple   | Entered the Ecumenical Temple
  3273 | D:4      | Reached skill level 3 in Axes
  3458 | D:4      | Found a radiant altar of Vehumet.
  3485 | D:4      | Found a sacrificial altar of Ru.
  3742 | D:5      | Gained mutation: You are mostly covered in molten scales.
                  | (AC +3) [demonic ancestry]
  3742 | D:5      | Reached XP level 7. HP: 17/55 MP: 7/7
  4110 | D:5      | Reached skill level 1 in Throwing
  4639 | D:5      | Gained mutation: You have sharp fingernails. [demonic
                  | ancestry]
  4639 | D:5      | Reached XP level 8. HP: 61/61 MP: 8/8
  4791 | D:5      | Found an iron altar of Okawaru.
  4892 | D:5      | Reached skill level 5 in Fighting
  5348 | D:5      | Killed McSplat's ghost
  5349 | D:5      | Reached skill level 4 in Axes
  5547 | D:6      | Found a transporter.
  5966 | D:6      | Reached XP level 9. HP: 65/69 MP: 9/9
  6707 | D:6      | Found a transporter.
  7405 | D:7      | Reached skill level 5 in Dodging
  7518 | D:7      | Reached skill level 5 in Axes
  7579 | D:7      | Noticed a komodo dragon
  7627 | D:7      | Killed a komodo dragon
  7628 | D:7      | Reached skill level 5 in Evocations
  8149 | D:7      | Reached skill level 5 in Armour
  8309 | D:8      | Found an ornate altar of the Wu Jian Council.
  8569 | D:8      | Found an opulent altar of Gozag.
  8625 | D:8      | Became a worshipper of Gozag Ym Sagoz the Greedy
  8724 | D:8      | Noticed a two-headed ogre
  8745 | D:8      | Killed a two-headed ogre
  8746 | D:8      | Reached XP level 10. HP: 28/77 MP: 10/10
  9342 | D:8      | Found a hazy altar of Hepliaklqana.
  9342 | D:8      | Found a snail-covered altar of Cheibriados.
  9698 | D:9      | Reached skill level 6 in Axes
  9701 | D:9      | Reached skill level 5 in Throwing
  9951 | D:9      | Found a staircase to the Orcish Mines.
  9951 | D:9      | Found Reus's Weapon Emporium.
 10574 | D:9      | Bought 5 javelins for 60 gold pieces
 10996 | D:10     | Entered Level 10 of the Dungeon
 11016 | D:9      | Reached skill level 1 in Shields
 11218 | D:10     | Found Wacuy's Antique Weapon Boutique.
 11226 | D:10     | Bought a crude broad axe for 252 gold pieces
 11226 | D:10     | Identified the +5 broad axe of Ru's Anger {drain, rF+ rC+
                  | Int+3} (You bought it in a shop on level 10 of the Dungeon)
 11682 | D:10     | Reached skill level 7 in Axes
 11682 | D:10     | Reached XP level 11. HP: 64/85 MP: 11/11
 12154 | D:10     | Noticed a fire dragon
 12164 | D:10     | Killed a fire dragon
 12539 | D:10     | Noticed Urug
 12566 | D:10     | Killed Urug
 12873 | D:10     | Found a shadowy altar of Dithmenos.
 12880 | D:10     | Found a shimmering blue altar of Sif Muna.
 13107 | D:11     | Found a frozen archway.
 13175 | IceCv    | Entered an ice cave
 13462 | IceCv    | Reached skill level 8 in Axes
 13781 | IceCv    | Gained mutation: You are completely covered in molten
                  | scales. (AC +4, rF+) [demonic ancestry]
 13781 | IceCv    | Reached XP level 12. HP: 86/94 MP: 12/12
 14342 | IceCv    | Noticed a death yak
 14342 | IceCv    | Noticed a death yak
 14369 | IceCv    | Killed a death yak
 14375 | IceCv    | Killed a death yak
 14376 | IceCv    | Reached skill level 9 in Axes
 14561 | IceCv    | Noticed a frost giant
 14561 | IceCv    | Noticed a death yak
 14582 | IceCv    | Killed a frost giant
 14803 | IceCv    | Killed a death yak
 15479 | D:11     | Found a staircase to the Lair.
 15546 | D:11     | Noticed a boulder beetle
 15570 | D:11     | Killed a boulder beetle
 15688 | D:11     | Noticed a two-headed ogre
 15694 | D:11     | Noticed a two-headed ogre
 15831 | D:11     | Killed a two-headed ogre
 15832 | D:11     | Reached skill level 5 in Shields
 15853 | D:11     | Killed a two-headed ogre
 16156 | D:11     | Reached skill level 10 in Axes
 16727 | D:10     | Gained mutation: You have very sharp fingernails. [demonic
                  | ancestry]
 16727 | D:10     | Reached XP level 13. HP: 33/101 MP: 13/13
 17818 | Lair:1   | Entered Level 1 of the Lair of Beasts
 17844 | Lair:1   | Identified the +6 halberd "Lyek" {venom, rC+}
 19399 | Lair:1   | Noticed Erica
 19408 | Lair:1   | Killed Erica
 19816 | Lair:2   | Noticed Harold
 19829 | Lair:2   | Reached skill level 10 in Fighting
 19837 | Lair:1   | Killed Harold
 20277 | Lair:2   | Found a staircase to the Snake Pit.
 20521 | Lair:2   | Reached skill level 11 in Axes
 20648 | Lair:2   | Noticed a dire elephant
 20861 | Lair:2   | Killed a dire elephant
 21244 | Lair:3   | Found a staircase to the Shoals.
 21674 | Lair:3   | Reached XP level 14. HP: 103/111 MP: 14/14
 22243 | Lair:4   | Found a runed translucent gate.
 22244 | Lair:4   | Found a runed translucent gate.
 22245 | Lair:4   | Found a runed translucent gate.
 22247 | Lair:4   | Noticed Vufrucs's ghost (journeyman DrTm)
 23340 | Lair:5   | Identified the +8 flail "Nayw" {freeze, *Corrode rPois
                  | Will+ Int+3}
 23496 | Lair:5   | Found a viscous altar of Jiyva.
 23496 | Lair:5   | Found a staircase to the Slime Pits.
 24310 | Lair:6   | Entered Level 6 of the Lair of Beasts
 25156 | Lair:5   | Reached skill level 12 in Axes
 26728 | Lair:6   | Reached skill level 1 in Crossbows
 27004 | Lair:6   | Reached skill level 10 in Dodging
 27260 | Lair:6   | Gained mutation: You are mostly covered in sharp spines.
                  | [demonic ancestry]
 27260 | Lair:6   | Reached XP level 15. HP: 109/118 MP: 15/15
 28204 | Lair:4   | Identified the +4 war axe of Lozap {freeze, rPois}
 28386 | Orc:1    | Entered Level 1 of the Orcish Mines
 29081 | Orc:2    | Entered Level 2 of the Orcish Mines
 29142 | Orc:2    | Noticed Azrael
 29150 | Orc:2    | Noticed Donald
 29157 | Orc:2    | Noticed Josephine
 29161 | Orc:2    | Killed Azrael
 29467 | Orc:1    | Killed Josephine
 29679 | Orc:2    | Killed Donald
 29792 | Orc:2    | Reached skill level 10 in Armour
 30597 | Orc:2    | Found Wiklid's Magic Scroll Emporium.
 30627 | Orc:2    | Bought a scroll of identify for 32 gold pieces
 30627 | Orc:2    | Bought a scroll of identify for 32 gold pieces
 30627 | Orc:2    | Bought a scroll of identify for 32 gold pieces
 30627 | Orc:2    | Bought a scroll of identify for 32 gold pieces
 30633 | Orc:2    | Bought a scroll of holy word for 120 gold pieces
 30640 | Orc:2    | Found Ywismu's General Store.
 31085 | Orc:2    | Identified the +8 quarterstaff "Kutzulih" {vamp, Int+2
                  | Dex+3}
 31174 | Orc:2    | Found a staircase to the Elven Halls.
 31256 | Orc:2    | Found Esmot's Armour Shop.
 31474 | Orc:2    | Bought the +1 cloak of Starlight {*Dazzle EV+4 Stlth--} for
                  | 427 gold pieces
 31474 | Orc:2    | Found the +1 cloak of Starlight {*Dazzle EV+4 Stlth--}
 31507 | Orc:2    | Noticed Saint Roka
 32047 | Orc:2    | Killed Saint Roka
 33116 | Orc:2    | Found Mixeycw's Distillery.
 33374 | Orc:2    | Bought the +9 scales of the Dragon King {rPois rF+ rC+
                  | Will+} for 4243 gold pieces
 33374 | Orc:2    | Found the +9 scales of the Dragon King {rPois rF+ rC+
                  | Will+}
 33384 | Orc:2    | Bought a glowing hand crossbow for 221 gold pieces
 33385 | Orc:2    | Bought a scroll of identify for 68 gold pieces
 33390 | Orc:2    | Bought the amulet "Ruolauhu" {Acrobat rF+ Str+4 Dex+2
                  | Stlth+} for 712 gold pieces
 33600 | Snake:1  | Entered Level 1 of the Snake Pit
 33611 | Snake:1  | Reached skill level 13 in Axes
 34917 | Snake:2  | Reached XP level 16. HP: 116/127 MP: 16/16
 36798 | Snake:3  | Reached skill level 5 in Crossbows
 37000 | Snake:3  | Identified the +8 chain mail "Tuzunk Rixa" {rPois Int-3
                  | Dex+3}
 38270 | Snake:3  | Identified the +5 hand axe "Amnorot" {vorpal, *Rage rC+++
                  | Will++}
 39128 | Snake:3  | Noticed Kirke
 39141 | Snake:3  | Killed Kirke
 39585 | Elf:1    | Entered Level 1 of the Elven Halls
 39829 | Elf:1    | Paralysed by an air elemental for 1 turns
 39834 | Elf:1    | Paralysed by an air elemental for 1 turns
 40685 | Orc:2    | Bought the amulet of Ramolitz {Reflect Harm rC+ SH+5} for
                  | 528 gold pieces
 40753 | Elf:1    | Gained mutation: You sometimes emit foul miasma when
                  | damaged in melee. [demonic ancestry]
 40753 | Elf:1    | Reached XP level 17. HP: 112/133 MP: 17/17
 40766 | Elf:1    | Reached skill level 14 in Axes
 41296 | Elf:1    | Identified the amulet "Pyugh" {Drain rC+ Will+ Regen+}
 41595 | Elf:1    | Found Cycseod's Magic Scroll Shoppe.
 41683 | Elf:1    | Bought a scroll of identify for 26 gold pieces
 41683 | Elf:1    | Bought a scroll of identify for 26 gold pieces
 41683 | Elf:1    | Identified a scroll of acquirement
 41684 | Elf:1    | Acquired a manual of Dodging
 41686 | Elf:1    | Bought a scroll of enchant weapon for 97 gold pieces
 41763 | Elf:1    | Paralysed by an air elemental for 1 turns
 41767 | Elf:1    | Paralysed by an air elemental for 1 turns
 41844 | Elf:1    | Paralysed by an air elemental for 1 turns
 43740 | Elf:2    | Found a huge runed translucent gate.
 43740 | Elf:2    | Found a huge runed translucent gate.
 43740 | Elf:2    | Found a huge runed translucent gate.
 43746 | Elf:2    | Found a huge runed translucent gate.
 43746 | Elf:2    | Found a huge runed translucent gate.
 44078 | Shoals:1 | Entered Level 1 of the Shoals
 45945 | D:12     | Found a radiant altar of Vehumet.
 46672 | D:13     | Acquired a manual of Axes
 47724 | D:14     | Found a gate to the Vaults.
 47950 | D:14     | Reached XP level 18. HP: 125/142 MP: 18/18
 48053 | D:14     | Reached skill level 10 in Shields
 48454 | D:14     | Reached skill level 15 in Axes
 48542 | D:15     | Entered Level 15 of the Dungeon
 49251 | D:15     | Found a staircase to the Depths.
 49888 | Snake:4  | Entered Level 4 of the Snake Pit
 50047 | Snake:4  | Reached skill level 10 in Evocations
 53617 | Snake:4  | Got a serpentine rune of Zot
 54183 | Snake:4  | Reached skill level 16 in Axes
 55355 | Shoals:2 | Reached skill level 10 in Crossbows
 55463 | Shoals:2 | Found an ornate altar of the Wu Jian Council.
 55483 | Shoals:2 | Gained mutation: You are completely covered in sharp
                  | spines. [demonic ancestry]
 55483 | Shoals:2 | Reached XP level 19. HP: 137/149 MP: 19/19
 55957 | Shoals:3 | Found Gaehihig's Antique Armour Boutique.
 56233 | Shoals:3 | Bought a pair of runed boots for 217 gold pieces
 56314 | Shoals:3 | Noticed Polyphemus
 56326 | Shoals:3 | Killed Polyphemus
 57105 | Shoals:3 | Reached skill level 17 in Axes
 57339 | Shoals:4 | Entered Level 4 of the Shoals
 57341 | Shoals:4 | Found a basalt altar of Yredelemnul.
 57923 | Shoals:4 | Got a barnacled rune of Zot
 58112 | Shoals:4 | Killed from afar by a water nymph

Illustrated notes

Levels and vault maps discovered:
D:1:      ebering_hopf_link, layout_basic, serial_forest,
          infiniplex_forest_end_2, infiniplex_forest_zigzag_2,
          infiniplex_forest_lined_corner, infiniplex_forest_lined_corner,
          infiniplex_forest_corner_2, infiniplex_forest_corner_1,
          infiniplex_forest_lined_corner, minmay_stone_trees_small
D:2:      layout_rooms, ebering_ecumenical_altar_sacrificial,
          hangedman_decor_growths
D:3:      layout_loops_ring, kennysheep_generic_room_6
D:4:      layout_loops_cross, lemuel_doored_altar, amcnicky_altar_gilded,
          minmay_temple_entry_statues_pillars
D:5:      layout_layer_cave, chequers_temple_overflow_statue_of_worship,
          gammafunk_ghost_grave, kennysheep_decorative_pillar
D:6:      gammafunk_cloud_chamber, layout_basic, nicolae_tso_besieged_by_evil,
          kennysheep_generic_room_10
D:7:      layout_loops_ring, david_defended_altar_orc
D:8:      layout_loops_cross, lemuel_round_altar,
          gammafunk_temple_overflow_pools, kennysheep_mini
D:9:      layout_irregular_city, orc_david_3, serial_bayou, serial_bayou_ford_a,
          serial_bayou_crossing, serial_bayou_pond_d, serial_bayou_pond_a,
          nicolae_water_bricks, sword_in_stone
D:10:     dragon1_lemuel, layout_stronghold, jmf_multi_god_temple, serial_shops,
          nicolae_shop_temple_entry_statues_fountains, uniq_urug
D:11:     layout_stronghold, minmay_lair_entry_grove, portal_ice_cave_entry_imps
D:12:     layout_basic, fiery_altar_vehumet
D:13:     layout_cave_pods, hangedman_fish_farm
D:14:     kennysheep_windowed_halls, layout_long_grid, erik_vaults_1,
          minmay_misc_feat_tiny
D:15:     hangedman_depths_entry_try_elsewhere_first, layout_layer_cave,
          chequers_serial_rivers_micro_a
Temple:   pf_slime_end_temple
Lair:1:   lemuel_ratsnest, layout_gridlike, uniq_erica
Lair:2:   mu_elephants_graveyard, layout_big_grid, guppyfry_snake_entry_island,
          uniq_harold
Lair:3:   layout_roguey, minmay_shoals_entry_centaurs, special_room
          [special_room_bee]
Lair:4:   layout_hall_layers, gammafunk_ghost_hydra_chop,
          cheibrodos_lair_caveside_slide, lemuel_fruit_fields,
          serial_bayou_shore_a
Lair:5:   layout_gridlike, slime_altar_1, infiniplex_staircase_pool_2,
          grunt_megastairs_5, lemuel_fruit_fields
Lair:6:   evilmike_catoblepas_cave, layout_gridlike
Shoals:1: layout_shoals
Shoals:2: cheibrodos_shoals_satyrical_garden, layout_shoals, lemuel_oklob_altar
Shoals:3: layout_shoals, nicolae_stop_n_shop_1, uniq_polyphemus
Shoals:4: shoals_end_grunt_ice, layout_shoals, shoals_ilsuiw_ice,
          lemuel_altar_in_water
Snake:1:  layout_gridlike
Snake:2:  layout_basic, nicolae_snake_gridmaze_big_u
Snake:3:  layout_grid_maze, nicolae_snake_ghostly_warrior_ritual, uniq_kirke
Snake:4:  snake_pit, layout_cave_town
Orc:1:    layout_diamond_mine
Orc:2:    pubby_orc_utopia, serial_shops, uniq_azrael, uniq_donald,
          uniq_josephine
Elf:1:    elf_arrival_001, layout_loops_ring, serial_shops,
          nicolae_shop_behind_doors, kennysheep_underground_church, minivault_28
Elf:2:    layout_gridlike, grunt_megastairs_3

Skill      XL: |  1  2  3  4  5  6  7  8  9 10 11 12 13 14 15 16 17 18 19 |
---------------+----------------------------------------------------------+-----
Axes           | 2 3 4 5 7 8 10 11 12 13 14 16 17 | 17.3
Dodging        | 2 3 4 5 6 7 8 9 10 11 12 13 | 13.8
Stealth        | 5 |  5.0
Armour         | 1 2 3 4 5 6 7 8 9 10 11 12 | 12.4
Slings         | 1 |  1.0
Evocations     | 1 2 3 4 5 6 7 8 9 10 11 | 11.1
Fighting       | 4 5 6 7 8 9 10 11 12 13 | 13.7
Throwing       | 1 3 4 5 6 7 8 9 |  9.9
Shields        | 1 3 5 6 7 8 9 10 11 | 11.1
Crossbows      | 1 4 6 8 10 | 10.0

Action                   |  1- 3 |  4- 6 |  7- 9 | 10-12 | 13-15 | 16-18 | 19-21 || total
-------------------------+-------+-------+-------+-------+-------+-------+-------++-------
Melee: Hand axe          |    11 |       |       |       |       |       |       ||    11
       Dagger            |       |    64 |    96 |       |       |       |       ||   160
       Battleaxe         |       |       |    65 |    81 |       |       |       ||   146
       Trident           |       |       |    56 |       |       |       |       ||    56
       Broad axe         |       |       |       |   477 |  1082 |   972 |   136 ||  2667
       Demon trident     |       |       |       |       |    29 |    79 |     6 ||   114
 Fire: Hunting sling     |    55 |    97 |    25 |     1 |       |       |       ||   178
       Hand crossbow     |       |       |       |       |   125 |   347 |   193 ||   665
Throw: Dart              |       |       |    11 |    12 |     1 |       |       ||    24
       Javelin           |       |       |       |    30 |    30 |       |       ||    60
Invok: Call Merchant     |       |       |       |       |     2 |       |       ||     2
Evoke: Wand              |       |       |     5 |    20 |    27 |       |     4 ||    56
       Piece from Xom's  |       |       |       |       |     1 |       |       ||     1
       Phantom mirror    |       |       |       |       |     1 |       |       ||     1
  Use: Scroll            |       |       |     7 |     3 |    25 |    16 |       ||    51
       Potion            |       |       |     1 |     6 |     2 |     4 |       ||    13
 Stab: Sleeping          |       |     1 |     2 |     1 |     2 |       |       ||     6
       Distracted        |       |       |       |     8 |    12 |     4 |     2 ||    26
       Invisible         |       |       |       |       |    16 |    38 |     3 ||    57
Armor: Leather armour    |    14 |       |       |       |       |       |       ||    14
       Ring mail         |       |    36 |   127 |   178 |    57 |       |       ||   398
       Chain mail        |       |       |       |       |   424 |       |       ||   424
       Gold dragon scale |       |       |       |       |    28 |   464 |   105 ||   597
Dodge: Dodged            |    23 |    41 |   251 |   462 |   832 |   552 |    99 ||  2260
Block: Kite shield       |       |       |       |   307 |   762 |  1047 |   208 ||  2324
       Reflection        |       |       |       |       |       |   129 |    34 ||   163

Table legend: (Time is in decaauts)
 A = Elapsed time spent in this place.
 B = Non-inter-level travel time spent in this place.
 C = Inter-level travel time spent in this place.
 D = Time resting spent in this place.
 E = Time spent auto-exploring this place.
 F = Levels seen in this place.
 G = Mean time per level.
                   A        B        C        D        E       F      G
               +--------+--------+--------+--------+--------+-----+--------+
         Total |  59063 |  55272 |   3791 |   7208 |  38432 |  35 | 1687.5 |
       Dungeon |  20939 |  19294 |   1645 |   1807 |  14377 |  15 | 1395.9 |
        Temple |    166 |    141 |     25 |      0 |    141 |   1 |  166.0 |
          Lair |  10347 |   9154 |   1193 |    816 |   6675 |   6 | 1724.5 |
        Shoals |   5226 |   5095 |    131 |      0 |   4151 |   4 | 1306.5 |
     Snake Pit |  10686 |  10385 |    301 |   2479 |   6297 |   4 | 2671.5 |
  Orcish Mines |   6138 |   5730 |    408 |   1273 |   3343 |   2 | 3069.0 |
   Elven Halls |   3469 |   3383 |     86 |    442 |   2341 |   2 | 1734.5 |
      Ice Cave |   2087 |   2087 |      0 |    390 |   1106 |   1 | 2087.0 |
               +--------+--------+--------+--------+--------+-----+--------+

Top non-repeatable levels by time:
 Snake:3: 5282 daAuts
   Orc:2: 4969 daAuts
    D:10: 2769 daAuts
     D:5: 2736 daAuts
 Snake:2: 2623 daAuts
    D:11: 2530 daAuts
   Elf:1: 2306 daAuts
  Lair:1: 2277 daAuts
   IceCv: 2087 daAuts
  Lair:5: 2085 daAuts
Shoals:1: 2025 daAuts
  Lair:6: 1734 daAuts
 Snake:4: 1640 daAuts
     D:9: 1577 daAuts
  Lair:2: 1545 daAuts
